 Dungeon Crawl Stone Soup version 0.18-a0-1507-g69458e0 (webtiles) character file.

212 Sargon the Digger (level 5, 0/28 HPs)
             Began as a Gargoyle Earth Elementalist on Mar 6, 2016.
             Slain by a killer bee (6 damage)
             ... on level 2 of the Dungeon.
             The game lasted 00:12:15 (2419 turns).

Sargon the Digger (Gargoyle Earth Elementalist)     Turns: 2419, Time: 00:12:15

Health: 0/28       AC:  7    Str: 12    XL:     5   Next: 90%
Magic:  8/9        EV: 12    Int: 16    God:
Gold:   100        SH:  0    Dex: 12    Spells: 1 memorised, 9 levels left

rFire  . . .     SeeInvis .     y - 53 stones
rCold  . . .     Gourm    .     a - +0 robe
rNeg   + . .     Faith    .     (no shield)
rPois  ∞         Spirit   .     (no helmet)
rElec  +         Dismiss  .     f - +0 cloak
rCorr  .         Reflect  .     (no gloves)
SustAt .         Harm     .     (no boots)
MR     .....                    (no amulet)
Stlth  +.........               j - +2 ring of dexterity
                                g - ring of loudness (curse)

@: not resistant to hostile enchantments, very unstealthy
A: negative energy resistance 1, electricity resistance, unbreathing,
petrification resistance, rot immunity, AC +4
a: no special abilities


You were on level 2 of the Dungeon.
You were not hungry.

You visited 1 branch of the dungeon, and saw 3 of its levels.

You collected 100 gold pieces.

Inventory:

Hand Weapons
 q - a +0 falchion
Missiles
 u - 6 poisoned tomahawks
 y - 53 stones (in hand)
Armour
 a - a +0 robe (worn)
 f - a +0 cloak (worn)
Jewellery
 g - a cursed ring of loudness (left hand)
 j - a +2 ring of dexterity (right hand)
 v - a cursed -2 ring of dexterity
Scrolls
 b - 3 scrolls of teleportation {unknown}
 e - 3 scrolls of identify {unknown}
 k - a scroll of enchant armour {unknown}
 l - 3 scrolls of remove curse {unknown}
 n - a scroll of blinking {unknown}
 o - a scroll of magic mapping {unknown}
 r - a scroll of enchant weapon {unknown}
 s - 2 scrolls of amnesia {unknown}
Potions
 i - a potion of beneficial mutation {unknown}
 t - a potion of lignification {unknown}
 w - a potion of cure mutation {unknown}
Books
 c - a book of Geomancy

   Spells                             Type                      Level
   a - Sandblast                      Earth                        1
   b - Passwall                       Transmutation/Earth          2
   c - Stone Arrow                    Conjuration/Earth            3
   d - Petrify                        Transmutation/Earth          4
   e - Lee's Rapid Deconstruction     Earth                        5
Comestibles
 d - a bread ration
 h - 2 beef jerkies
 m - a slice of pizza
 p - 2 royal jellies
 x - a meat ration
 z - 4 chunks of flesh


   Skills:
 - Level 1.5 Dodging
 - Level 2.1 Stealth
 + Level 3.3 Spellcasting
   Level 0.7 Transmutations
 * Level 6.8 Earth Magic


You had 9 spell levels left.
You knew the following spells:

 Your Spells              Type           Power        Failure   Level  Hunger
a - Sandblast             Erth           ###...       1%          1    None


Dungeon Overview and Level Annotations

Branches:
Dungeon (3/15)

Altars:
Okawaru


Innate Abilities, Weirdness & Mutations

You are resistant to torment.
Your stone body is resilient (AC +4).
You are immune to poison.
You resist negative energy.
You are resistant to electric shocks.
You can survive without breathing.
You are immune to petrification.
You are immune to rotting.


Message History

You hear the drain falling apart.
The killer bee stings you but does no damage.
The killer bee closely misses you.
A killer bee comes into view.
The killer bee closely misses you. The killer bee stings you.
There is a stone staircase leading up here.
The killer bee buzzes angrily.
The killer bee barely misses you. The killer bee closely misses you.
The killer bee stings you. The killer bee closely misses you.
You climb upwards.
There is a stone staircase leading down here.
The killer bee stings you but does no damage.
The killer bee stings you.
* * * LOW HITPOINT WARNING * * *
The killer bee closely misses you.
The killer bee stings you but does no damage.
The killer bee barely misses you.
There is an open door here.
The killer bee stings you.
You die...

#.........######...
#.........# #...
###.........######...
#....>......'.).##...
#.#.........###)##...
#.#.........##.......
#...y.......#........
####y##...###........
#@##...# #........
#.##...# #........
#......# #........
######.###........
######............
#.......####'##'##
#.......+....##.#
#.......####.##.#
######'## #.##.#


You could see 2 killer bees.

Vanquished Creatures
  A giant frog (D:3)
  A killer bee (D:3)
  2 adders
  3 worms
  A dart slug (D:1)
  3 giant geckos
  An orc (D:3)
  5 giant cockroaches
  9 hobgoblins
  9 jackals
  A quokka (D:2)
  4 bats
  4 giant newts
  6 goblins (D:2)
  11 kobolds
  8 rats
69 creatures vanquished.

Notes
Turn   | Place    | Note
--------------------------------------------------------------
     0 | D:1      | Sargon the Gargoyle Earth Elementalist began the quest for the Orb.
     0 | D:1      | Reached XP level 1. HP: 10/10 MP: 3/3
   149 | D:1      | Reached skill level 4 in Earth Magic
   149 | D:1      | Reached XP level 2. HP: 15/15 MP: 0/5
   855 | D:2      | Reached XP level 3. HP: 19/19 MP: 3/6
   942 | D:2      | Reached skill level 5 in Earth Magic
   958 | D:2      | Found an iron altar of Okawaru.
  1391 | D:2      | Reached XP level 4. HP: 24/24 MP: 4/7
  1853 | D:3      | Noticed a giant frog
  1872 | D:3      | Killed a giant frog
  1872 | D:3      | Reached skill level 6 in Earth Magic
  1872 | D:3      | Reached XP level 5. HP: 16/28 MP: 0/9
  2419 | D:2      | Slain by a killer bee

Vault maps used:
D:1:      lemuel_arrival_room, st_stairs_11, minmay_splitting_lines,
          grunt_decor_arrowhead
D:2:      kennysheep_okawaru_gauntlet
D:3:      gup_sewer_entry_bowl

Skill      XL: |  1  2  3  4 |
---------------+-------------+-----
Earth Magic    | 4 5 6 |  6.8
Spellcasting   | 3 |  3.3
Dodging        | |  1.5
Stealth        | |  2.1
Transmutations | |  0.7

Action                   |  1- 3 |  4- 6 || total
-------------------------+-------+-------++-------
Melee: Unarmed           |     1 |     1 ||     2
       Falchion          |       |    14 ||    14
 Cast: Sandblast         |    72 |    62 ||   134
  Eat: Chunk             |     2 |     4 ||     6
